 Dungeon Sprint DCSS version 0.30-a0-800-g7c544603b3 (webtiles) character file.

Game seed: 11125037414464314113

2200000 BigDaddyOpFi the Intangible (level 17, -17/94 HPs)
             Began as a Djinni Summoner on Feb 23, 2023.
             Was an Elder of Makhleb.
             Demolished by a meat berserker
             ... wielding a +9 battleaxe
              (41 damage)
             ... in the Dungeon (Sprint VIII: "Arena of Blood").
             The game lasted 00:00:45 (22 turns).

BigDaddyOpFi the Intangible (Djinni Summoner)         Turns: 22, Time: 00:00:46

Health: -17/94     AC:  2    Str:  7    XL:     17   Next: 25%
Gold:   0          EV: 32    Int: 19    God:    Makhleb [****..] SH:  0 Dex: 20

rFire   + + .      SeeInvis .    g - +∞ Axe of Woe
rCold   x . .      Faith    .    (shield currently unavailable)
rNeg    . . .      Spirit   .    a - +0 robe
rPois   ∞          Reflect  .    (no helmet)
rElec   .          Harm     .    (no cloak)
rCorr   .          Rampage  .    (no gloves)
Will    +....      NoTele   +    (boots unavailable)
Stlth   ++++++++++               (no amulet)
HPRegen 0.35/turn                (no ring)
MPRegen 0.00/turn                (no ring)

@: flying
A: sickness immunity, fire resistance 2, cold vulnerability 1, float, innate
caster, HP casting, extra vitality 1
a: Renounce Religion, Minor Destruction, Lesser Servant of Makhleb, Major
Destruction


You were in the Dungeon.
You worshipped Makhleb.
Makhleb was greatly pleased with you.
You visited 1 branch

Inventory:

Hand Weapons
 g - the +∞ Axe of Woe (weapon)
   (You found it in the Dungeon)
Armour
 a - a +0 robe (worn)
Jewellery
 h - a +30 ring of slaying
Scrolls
 f - a scroll of blinking
Potions
 b - a potion of curing
 c - a potion of heal wounds
 d - a potion of haste
 e - a potion of berserk rage


   Skills:
 O Level 27 Dodging
 O Level 27 Stealth
 + Level 24.7 Spellcasting


You knew the following spells:

 Your Spells              Type           Power      Damage    Failure   Level
a - Summon Small Mammal   Summ           100%       N/A       0%          1
b - Call Imp              Summ           87%        N/A       0%          2
c - Call Canine Familiar  Summ           87%        N/A       0%          3
d - Summon Guardian Gole  Hex/Summ       87%        N/A       0%          3
e - Summon Lightning Spi  Summ/Air       87%        N/A       0%          4
f - Necrotise             Necr           100%       1d9       0%          1
g - Wereblood             Tmut           87%        N/A       0%          2
h - Tukima's Dance        Hex            87%        N/A       0%          3
i - Dazzling Flash        Conj/Hex       100%       N/A       0%          3
j - Fulminant Prism       Conj/Hex       43%        3d19      0%          4
k - Summon Forest         Summ/Tloc      43%        N/A       0%          5
l - Simulacrum            Ice/Necr       43%        N/A       0%          6
m - Iron Shot             Conj/Erth      43%        9d8       0%          6
Your spell library was empty.

Dungeon Overview and Level Annotations

Branches:
Dungeon (1/1)

Altars:
Makhleb


Innate Abilities, Weirdness & Mutations

You are immune to sickness and miasma.
You are immune to poison.
Your flesh is very heat resistant. (rF++)
You are vulnerable to cold. (rC-)
You float through the air rather than walking.
You learn spells naturally, not from books.
Your magical power is your life essence.
You have superior vitality. (+4 MHP)


Message History

You have mastered Dodging!
Your Stealth skill gained 4 levels and is now at level 26!
Your Spellcasting skill gained 3 levels and is now at level 22!
You have reached level 16!
You feel clever.
The bag of meat shouts!
You hit the meat berserker.
You fatally mangle the meat berserker.
You kill the meat berserker!
Makhleb accepts your kill.
You hear a shout! x13
A meat berserker comes into view. It is wielding a +9 battleaxe.
A bag of meat comes into view. It is wielding a +9 war axe.
You hear a shout!
A bag of meat comes into view. It is wielding a +9 war axe.
A large bag of meat comes into view. It is wielding a +9 giant spiked club.
A meat berserker comes into view. It is wielding a +9 battleaxe.
You hear a shout! x7
You have mastered Stealth!
Your Spellcasting skill gained 2 levels and is now at level 24!
You have reached level 17!
The power to cast Iron Shot wells up from within.
Spell assigned to 'm'.
Cast which spell? (? or * to list)
Okay, then.
The destroyer appears out of thin air!
A destroyer comes into view. It is wielding a +9 heavy great sword.
You hear a shout! x5
A bag of meat comes into view. It is wielding a +9 war axe.
You hear a shout! x3; The destroyer shouts!
You slash the bag of meat! You chop the bag of meat into pieces.
You kill the bag of meat!
Makhleb accepts your kill.
You slash the destroyer!
You fatally mangle the destroyer.
You destroy the destroyer!
Makhleb accepts your kill.
The destroyer appears out of thin air!
A destroyer comes into view. It is wielding a +9 heavy great sword.
You hear a shout! x7
The meat berserker hits you with a +9 battleaxe!!!
You die...

.. ...oo #.
..o# #.. ..O# .
.###.. .O.###..
......###......
......_...O.
#..O)V# #_.@)_#
#.))..#
......_.....
......###o.....
.###.. ...###..
#.V ...# . #.
...# .. .....


You could see 2 destroyers, a large bag of meat (inner flame), 3 meat berserkers
and 4 bags of meat.

Vanquished Creatures
  A vampire knight (D)
  5 ogres (D)
  8 orcs (D)
14 creatures vanquished.

Notes
Turn   | Place    | Note
-------+----------+-------------------------------------------
     0 | D        | Found the +∞ Axe of Woe
     0 | D        | BigDaddyOpFi the Djinni Summoner began the quest for the
                  | Orb.
     0 | D        | BigDaddyOpFi set off with the following spells memorised:
                  | Summon Small Mammal, Call Imp, Call Canine Familiar, Summon
                  | Guardian Golem, Summon Lightning Spire.
     0 | D        | Reached XP level 1. HP: 15/15 MP: 0/0
     3 | D        | Noticed a meat berserker
     4 | D        | Became a worshipper of Makhleb the Destroyer
     5 | D        | Killed a meat berserker
     6 | D        | Reached XP level 2. HP: 21/21 MP: 0/0
     6 | D        | Reached XP level 3. HP: 25/25 MP: 0/0
     6 | D        | Learned a level 1 spell: Necrotise
     6 | D        | Reached XP level 4. HP: 31/31 MP: 0/0
     6 | D        | Reached XP level 5. HP: 35/35 MP: 0/0
     6 | D        | Learned a level 2 spell: Wereblood
     6 | D        | Reached XP level 6. HP: 40/40 MP: 0/0
     6 | D        | Reached XP level 7. HP: 45/45 MP: 0/0
     6 | D        | Learned a level 3 spell: Tukima's Dance
     6 | D        | Reached XP level 8. HP: 50/50 MP: 0/0
     6 | D        | Reached XP level 9. HP: 55/55 MP: 0/0
     6 | D        | Learned a level 3 spell: Dazzling Flash
     6 | D        | Reached XP level 10. HP: 60/60 MP: 0/0
     6 | D        | Reached XP level 11. HP: 65/65 MP: 0/0
     6 | D        | Learned a level 4 spell: Fulminant Prism
     6 | D        | Reached XP level 12. HP: 70/70 MP: 0/0
     7 | D        | Noticed a meat berserker
    11 | D        | Noticed a bag of meat
    11 | D        | Noticed a bag of meat
    12 | D        | Noticed a bag of meat
    13 | D        | Noticed a meat berserker
    13 | D        | Noticed a bag of meat
    13 | D        | Killed a meat berserker
    13 | D        | Reached * piety under Makhleb
    13 | D        | Noticed a bag of meat
    13 | D        | Noticed a bag of meat
    14 | D        | Reached XP level 13. HP: 75/75 MP: 0/0
    14 | D        | Learned a level 5 spell: Summon Forest
    14 | D        | Noticed a bag of meat
    15 | D        | Noticed a meat berserker
    15 | D        | Noticed a bag of meat
    17 | D        | Killed a meat berserker
    17 | D        | Noticed a bag of meat
    17 | D        | Noticed a meat berserker
    18 | D        | Reached XP level 14. HP: 60/80 MP: 0/0
    18 | D        | Killed a bag of meat
    18 | D        | Killed a bag of meat
    18 | D        | Reached ** piety under Makhleb
    18 | D        | Killed a bag of meat
    18 | D        | Killed a bag of meat
    18 | D        | Noticed a bag of meat
    19 | D        | Reached XP level 15. HP: 67/85 MP: 0/0
    19 | D        | Learned a level 6 spell: Simulacrum
    19 | D        | Reached *** piety under Makhleb
    19 | D        | Killed a meat berserker
    19 | D        | Reached **** piety under Makhleb
    19 | D        | Noticed a meat berserker
    19 | D        | Noticed a destroyer
    20 | D        | Reached skill level 27 in Dodging
    20 | D        | Reached XP level 16. HP: 21/90 MP: 0/0
    20 | D        | Killed a meat berserker
    20 | D        | Noticed a meat berserker
    20 | D        | Noticed a large bag of meat
    20 | D        | Noticed a meat berserker
    21 | D        | Reached skill level 27 in Stealth
    21 | D        | Reached XP level 17. HP: 23/94 MP: 0/0
    21 | D        | Learned a level 6 spell: Iron Shot
    21 | D        | Noticed a destroyer
    22 | D        | Killed a destroyer
    22 | D        | Demolished by a meat berserker

Illustrated notes

Levels and vault maps discovered:
D:        meatsprint

Skill      XL: |  1  2  3  4  5  6  7  8  9 10 11 12 13 14 15 16 |
---------------+-------------------------------------------------+-----
Dodging        | 18 21 23 26 27 | 27.0
Stealth        | 16 18 20 22 26 27 | 27.0
Spellcasting   | 14 16 17 19 22 24 | 24.7

Action                     |  1- 3 |  4- 6 |  7- 9 | 10-12 | 13-15 | 16-18 || total
---------------------------+-------+-------+-------+-------+-------+-------++-------
  Melee: Executioner's axe |     1 |       |       |     1 |     3 |     2 ||     7
  Dodge: Dodged            |       |       |       |       |     2 |       ||     2

Table legend: (Time is in decaauts)
 A = Elapsed time spent in this place.
 B = Non-inter-level travel time spent in this place.
 C = Inter-level travel time spent in this place.
 D = Time resting spent in this place.
 E = Time spent auto-exploring this place.
 F = Levels seen in this place.
 G = Mean time per level.
                   A        B        C        D        E       F      G
               +--------+--------+--------+--------+--------+-----+--------+
         Total |     26 |     26 |      0 |      0 |      0 |   1 |   26.0 |
       Dungeon |     26 |     26 |      0 |      0 |      0 |   1 |   26.0 |
               +--------+--------+--------+--------+--------+-----+--------+

Top non-repeatable levels by time:
       D: 26 daAuts
